Americans vs Penguins

Created - Friday, November 06, 2015 at 02:03

Goals
1 2 3 T
Americans 4 0 3 7
Penguins 0 1 0 1
Shots
1 2 3 T
Americans 12 5 6 23
Penguins 11 19 7 37

1st period

1. Americans , Tim Jackman 6 (Dany Heatley) at 3:35
2. Americans , Marc-Andre Cliche 2 (Tim Jackman) at 3:59
3. Americans , Nick Drazenovic 1 (Grant Clitsome, Patrick Bordeleau) at 4:58
4. Americans , Grant Clitsome 3 (Nate Schmidt, Justin Hodgman) at 12:06

Penalties :
Drew Bagnall (WBS) for Interference (Minor) at 16:20

2nd period

5. Penguins , Xavier Ouellet 4 (Philippe Cornet, Chris Butler) at 6:51 (PP)

Penalties :
Jeff Schultz (WBS) for Fighting (Major) at 3:20, Patrick Bordeleau (RCH) for Fighting (Major) at 3:20, Trevor Gillies (RCH) for High sticking (Minor) at 4:03, Tim Jackman (RCH) for Roughing (Minor) at 5:08

3rd period

6. Americans , Tim Jackman 7 (Marc-Andre Cliche, Grant Clitsome) at 15:27
7. Americans , Nate Schmidt 6 (Tim Jackman, Nick Drazenovic) at 15:33 (PP)
8. Americans , Tim Jackman 8 (Nick Drazenovic) at 16:08 (PP)

Penalties :
Jake Chelios (RCH) for Hooking (Minor) at 2:16, Justin Hodgman (RCH) for Boarding (Minor) at 4:38, Chris Butler (WBS) for Slashing (Minor) at 15:30, Chris Butler (WBS) for Hooking (Minor) at 15:47, Jerome Samson (RCH) for Hooking (Minor) at 18:02

Goalie Stats

Jason LaBarbera (RCH), 36 saves from 37 shots - (0.973), W, 5-1-0, 60:00 minutes
Martin Brodeur (WBS), 10 saves from 13 shots - (0.769), 47:54 minutes
FARM GOALIE14 (WBS), 6 saves from 10 shots - (0.600), L, 0-2-0, 12:06 minutes

Players Stats for Americans

Player Name              G  A  P  +/- PIM S  H  SB GA TA FO     MP     PP MP  PK MP  
------------------------------------------------------------------------------------
Dany Heatley             0  1  1   3  0   1  3  0  0  0  0/0    14:50   1:23   0:00 
Dylan DeMelo             0  0  0   1  0   0  1  1  1  1  0/0    21:52   0:57   4:10 
Garrett Noonan           0  0  0   2  0   0  0  0  0  0  0/0    13:48   0:00   0:00 
Grant Clitsome           1  2  3   2  0   3  3  1  1  2  0/0    24:20   1:26   4:33 
Jake Chelios             0  0  0   1  2   1  1  0  0  0  0/0    21:21   0:57   3:25 
Jerome Samson            0  0  0   1  2   0  0  1  4  0  0/1    12:51   0:00   0:00 
Justin Hodgman           0  1  1   1  2   2  1  0  2  0  5/7    13:50   0:00   1:29 
Marc-Andre Cliche        1  1  2   3  0   4  1  2  3  2  13/17  19:09   1:00   4:35 
Nate Schmidt             1  1  2   2  0   2  0  2  0  1  0/0    24:20   1:26   4:33 
Nick Drazenovic          1  2  3   1  0   2  0  0  3  1  6/16   18:58   1:23   4:08 
Nick Sorkin              0  0  0   1  0   0  0  0  0  0  0/2    12:15   0:00   0:00 
Patrick Bordeleau        0  1  1   1  5   2  3  0  4  1  0/0    16:07   1:00   2:54 
Peter Andersson          0  0  0   2  0   0  2  0  0  0  0/0    14:33   0:00   0:45 
Petri Kontiola           0  0  0   0  0   0  2  0  2  0  3/4     9:38   0:00   0:00 
Ruslan Fedotenko         0  0  0   0  0   1  1  0  3  0  0/0     9:38   0:00   0:00 
Spencer Abbott           0  0  0   1  0   0  1  0  2  0  0/0    14:12   1:00   0:00 
Tim Jackman              3  2  5   3  2   5  1  0  3  0  0/3    18:09   1:23   3:19 
Trevor Gillies           0  0  0   0  2   0  4  0  0  0  0/0    10:26   0:00   0:06 

Players Stats for Penguins

Player Name              G  A  P  +/- PIM S  H  SB GA TA FO     MP     PP MP  PK MP  
------------------------------------------------------------------------------------
Adam Clendening          0  0  0  -3  0   8  0  3  2  0  0/0    20:26   4:06   0:00 
Carson McMillan          0  0  0  -2  0   1  1  0  0  0  3/7    11:41   0:00   0:00 
Charles Sarault          0  0  0  -2  0   0  3  1  0  0  4/8    17:32   4:03   0:00 
Chris Butler             0  1  1  -2  4   2  5  2  1  2  0/0    25:31   4:37   1:59 
Danny Biega              0  0  0   0  0   2  1  1  0  5  0/0    16:32   1:38   0:00 
Drew Bagnall             0  0  0   0  2   1  4  0  0  0  0/0    14:15   0:00   0:24 
Dustin Gazley            0  0  0  -2  0   1  0  0  0  1  0/1    11:41   0:00   0:00 
FARMPLAYER2              0  0  0  -1  0   6  1  0  0  0  1/1    19:39   4:40   1:33 
Garrett Meurs            0  0  0   0  0   1  1  0  0  0  0/0    10:03   0:00   0:00 
Jason Gregoire           0  0  0   0  0   0  0  0  1  1  0/1    10:40   0:00   0:22 
Jeff Schultz             0  0  0  -3  5   2  3  0  0  2  0/0    17:30   2:28   0:00 
Justin Vaive             0  0  0  -2  0   4  1  0  1  2  0/0    12:09   0:00   0:28 
Matt Mangene             0  0  0  -1  0   0  1  1  1  0  0/0    18:06   4:40   0:00 
Philippe Cornet          0  1  1  -2  0   2  2  0  0  0  0/0    18:37   4:03   0:50 
Ryan Olsen               0  0  0   0  0   0  0  0  0  0  3/5    10:03   0:00   0:00 
Ryan Spooner             0  0  0  -1  0   2  2  0  4  1  12/26  19:39   4:40   1:33 
Trevor Parkes            0  0  0  -2  0   0  3  1  3  1  0/1    17:32   4:03   0:00 
Xavier Ouellet           1  0  1  -2  0   5  0  0  2  2  0/0    25:57   4:37   2:23 

3 Stars

1 - Tim Jackman (RCH)
2 - Grant Clitsome (RCH)
3 - Marc-Andre Cliche (RCH)

Power Play

Americans - 2 on 3 Attempt(s) - 66.67%
Penguins - 1 on 5 Attempt(s) - 20.00%

Penalty Kill

Americans - 4 on 5 Attempt(s) - 80.00% - Score 0 goal in Penalty Kill
Penguins - 1 on 3 Attempt(s) - 33.33% - Score 0 goal in Penalty Kill

Team Stat

Americans - Hits : 24 - Faceoff Wins : 27 - Blocked Shots : 7 - Penalty Minutes : 15
Penguins - Hits : 28 - Faceoff Wins : 23 - Blocked Shots : 9 - Penalty Minutes : 11

Official

Referees : Unknown
Linesman : Unknown

Game Notes

Martin Brodeur enters game at 12:06 of 1st period
Jeff Schultz beats up Patrick Bordeleau at 3:20 of 2nd period
Tim Jackman has scored a Hat Trick!

Finance

Level 1 -- Attendance: 1598 (79.90%) -- Ticket Income $55,930
Level 2 -- Attendance: 766 (76.60%) -- Ticket Income $11,490
Total Attendance: 2364 (78.80%)
Total Ticket Income: $67,420
Other Income: $33,036
Total Income: $100,456

Americans

5 vs 5 Forward 
   Center                   Left Wing                Right Wing               Time % Phy DF OF 
 1 Marc-Andre Cliche        Dany Heatley             Tim Jackman              35     1   2  2  
 2 Nick Drazenovic          Patrick Bordeleau        Spencer Abbott           30     1   2  2  
 3 Justin Hodgman           Nick Sorkin              Jerome Samson            22     1   2  2  
 4 Petri Kontiola           Ruslan Fedotenko         Trevor Gillies           13     1   2  2  

5 vs 5 Defense 
   Defense                  Defense                                           Time % Phy DF OF 
 1 Grant Clitsome           Nate Schmidt                                      35     1   2  2  
 2 Jake Chelios             Dylan DeMelo                                      30     1   2  2  
 3 Garrett Noonan           Peter Andersson                                   22     1   2  2  
 4 Grant Clitsome           Nate Schmidt                                      13     1   2  2  

PowerPlay Forward 
   Center                   Left Wing                Right Wing               Time % Phy DF OF 
 1 Nick Drazenovic          Dany Heatley             Tim Jackman              55     1   2  2  
 2 Marc-Andre Cliche        Patrick Bordeleau        Spencer Abbott           45     1   2  2  

PowerPlay Defense
   Defense                  Defense                                           Time % Phy DF OF 
 1 Grant Clitsome           Nate Schmidt                                      55     1   2  2  
 2 Jake Chelios             Dylan DeMelo                                      45     1   2  2  

Penalty Kill 4 Players Forward 
   Center                   Wing                     Time % Phy DF OF 
 1 Nick Drazenovic          Tim Jackman              50     1   2  2  
 2 Marc-Andre Cliche        Patrick Bordeleau        50     1   2  2  

Penalty Kill 4 Players Defense
   Defense                  Defense                  Time % Phy DF OF 
 1 Grant Clitsome           Nate Schmidt             50     1   2  2  
 2 Jake Chelios             Dylan DeMelo             50     1   2  2  

Penalty Kill - 3 Players Forward 
   Forward                                           Time % Phy DF OF 
 1 Nick Drazenovic                                   50     1   2  2  
 2 Marc-Andre Cliche                                 50     1   2  2  

Penalty Kill - 3 Players Defense
   Defense                  Defense                  Time % Phy DF OF 
 1 Grant Clitsome           Nate Schmidt             50     1   2  2  
 2 Jake Chelios             Dylan DeMelo             50     1   2  2  

4 vs 4 Forward 
   Center                   Wing                     Time % Phy DF OF 
 1 Nick Drazenovic          Tim Jackman              50     1   2  2  
 2 Marc-Andre Cliche        Patrick Bordeleau        50     1   2  2  

4 vs 4 Defense
   Defense                  Defense                  Time % Phy DF OF 
 1 Grant Clitsome           Nate Schmidt             50     1   2  2  
 2 Peter Andersson          Dylan DeMelo             50     1   2  2  

Last Minutes Offensive
   Center                   Left Wing                Right Wing               Defense                  Defense                  
   Marc-Andre Cliche        Dany Heatley             Tim Jackman              Grant Clitsome           Nate Schmidt             

Last Minutes Defensive
   Center                   Left Wing                Right Wing               Defense                  Defense                  
   Marc-Andre Cliche        Dany Heatley             Tim Jackman              Grant Clitsome           Nate Schmidt             

Goaltenders
Starting : Jason LaBarbera          
Backup : Petr Mrazek              

Extra Forwards
Normal : Trevor Gillies, Jerome Samson, Justin Hodgman - PP : Trevor Gillies, Jerome Samson - PK : Justin Hodgman
Extra Defensemen
Normal : Garrett Noonan, Jake Chelios, Peter Andersson - PP : Garrett Noonan - PK : Jake Chelios, Peter Andersson
Penalty Shots
Nick Drazenovic, Tim Jackman, Dany Heatley, Patrick Bordeleau, Marc-Andre Cliche

Penguins

5 vs 5 Forward 
   Center                   Left Wing                Right Wing               Time % Phy DF OF 
 1 Ryan Spooner             FARMPLAYER2              Matt Mangene             35     1   2  2  
 2 Charles Sarault          Philippe Cornet          Trevor Parkes            30     1   2  2  
 3 Carson McMillan          Justin Vaive             Dustin Gazley            22     1   2  2  
 4 Ryan Olsen               Jason Gregoire           Garrett Meurs            13     1   2  2  

5 vs 5 Defense 
   Defense                  Defense                                           Time % Phy DF OF 
 1 Chris Butler             Xavier Ouellet                                    35     1   2  2  
 2 Jeff Schultz             Adam Clendening                                   30     1   2  2  
 3 Danny Biega              Drew Bagnall                                      22     1   2  2  
 4 Chris Butler             Xavier Ouellet                                    13     1   2  2  

PowerPlay Forward 
   Center                   Left Wing                Right Wing               Time % Phy DF OF 
 1 Ryan Spooner             FARMPLAYER2              Matt Mangene             60     1   2  2  
 2 Charles Sarault          Philippe Cornet          Trevor Parkes            40     1   2  2  

PowerPlay Defense
   Defense                  Defense                                           Time % Phy DF OF 
 1 Chris Butler             Xavier Ouellet                                    60     1   2  2  
 2 Jeff Schultz             Adam Clendening                                   40     1   2  2  

Penalty Kill 4 Players Forward 
   Center                   Wing                     Time % Phy DF OF 
 1 Ryan Spooner             FARMPLAYER2              60     1   2  2  
 2 Philippe Cornet          Justin Vaive             40     1   2  2  

Penalty Kill 4 Players Defense
   Defense                  Defense                  Time % Phy DF OF 
 1 Chris Butler             Xavier Ouellet           60     1   2  2  
 2 Jeff Schultz             Adam Clendening          40     1   2  2  

Penalty Kill - 3 Players Forward 
   Forward                                           Time % Phy DF OF 
 1 Ryan Spooner                                      60     1   2  2  
 2 FARMPLAYER2                                       40     1   2  2  

Penalty Kill - 3 Players Defense
   Defense                  Defense                  Time % Phy DF OF 
 1 Chris Butler             Xavier Ouellet           60     1   2  2  
 2 Jeff Schultz             Adam Clendening          40     1   2  2  

4 vs 4 Forward 
   Center                   Wing                     Time % Phy DF OF 
 1 Ryan Spooner             FARMPLAYER2              60     1   2  2  
 2 Philippe Cornet          Justin Vaive             40     1   2  2  

4 vs 4 Defense
   Defense                  Defense                  Time % Phy DF OF 
 1 Chris Butler             Xavier Ouellet           60     1   2  2  
 2 Jeff Schultz             Adam Clendening          40     1   2  2  

Last Minutes Offensive
   Center                   Left Wing                Right Wing               Defense                  Defense                  
   Ryan Spooner             FARMPLAYER2              Matt Mangene             Chris Butler             Xavier Ouellet           

Last Minutes Defensive
   Center                   Left Wing                Right Wing               Defense                  Defense                  
   Ryan Spooner             FARMPLAYER2              Matt Mangene             Chris Butler             Xavier Ouellet           

Goaltenders
Starting : FARM GOALIE14            
Backup : Martin Brodeur           

Extra Forwards
Normal : Dustin Gazley, Carson McMillan, Jason Gregoire - PP : Dustin Gazley, Carson McMillan - PK : Jason Gregoire
Extra Defensemen
Normal : Danny Biega, Drew Bagnall, Jeff Schultz - PP : Danny Biega - PK : Drew Bagnall, Jeff Schultz
Penalty Shots
Ryan Spooner, FARMPLAYER2, Philippe Cornet, Justin Vaive, Matt Mangene

% Time on Ice - Americans

Lines # - Real PCT - Wanted PCT - Time Play
Normal Forward
1 - 28% - 35% - 13:27
2 - 28% - 30% - 13:34
3 - 25% - 22% - 12:15
4 - 20% - 13% - 9:38
Normal Defense
1 - 31% - 35% - 14:56
2 - 34% - 30% - 16:45
3 - 28% - 22% - 13:48
4 - 7% - 13% - 3:25
PP Forward
1 - 58% - 55% - 1:23
2 - 42% - 45% - 1:00
PP Defense
1 - 60% - 55% - 1:26
2 - 40% - 45% - 0:57
PK Forward
1 - 46% - 50% - 3:38
2 - 54% - 50% - 4:11
PK Defense
1 - 47% - 50% - 3:39
2 - 53% - 50% - 4:10
PK3 Forward
1 - 56% - 50% - 0:30
2 - 44% - 50% - 0:24
PK3 Defense
1 - 100% - 50% - 0:54
2 - 0% - 50% - 0:00
44 Forward
1 - 0% - 50%
2 - 0% - 50%
44 Defense
1 - 0% - 50%
2 - 0% - 50%
Last Minute Offensive  - 0:00
Last Minute Defensive  - 0:00
Total
Forward - 60:00
Defense - 60:00

% Time on Ice - Penguins

Lines # - Real PCT - Wanted PCT - Time Play
Normal Forward
1 - 28% - 35% - 13:41
2 - 28% - 30% - 13:29
3 - 24% - 22% - 11:41
4 - 21% - 13% - 10:03
Normal Defense
1 - 33% - 35% - 15:59
2 - 33% - 30% - 16:20
3 - 28% - 22% - 13:37
4 - 6% - 13% - 2:58
PP Forward
1 - 54% - 60% - 4:40
2 - 46% - 40% - 4:03
PP Defense
1 - 53% - 60% - 4:37
2 - 47% - 40% - 4:06
PK Forward
1 - 80% - 60% - 1:55
2 - 20% - 40% - 0:28
PK Defense
1 - 100% - 60% - 2:23
2 - 0% - 40% - 0:00
PK3 Forward
1 - 0% - 60%
2 - 0% - 40%
PK3 Defense
1 - 0% - 60%
2 - 0% - 40%
44 Forward
1 - 0% - 60%
2 - 0% - 40%
44 Defense
1 - 0% - 60%
2 - 0% - 40%
Last Minute Offensive  - 0:00
Last Minute Defensive  - 0:00
Total
Forward - 60:00
Defense - 60:00

Play by Play

1st period


0:01 of 1st period - Marc-Andre Cliche wins face-off versus Ryan Spooner in neutral zone.
0:50 of 1st period - Nick Drazenovic is hit by Philippe Cornet and loses puck.
0:55 of 1st period - Slapshot by Adam Clendening.
0:55 of 1st period - Stopped by Jason LaBarbera with a rebound.
0:57 of 1st period - Backhand shot by Charles Sarault.
0:57 of 1st period - Shot Misses the Net.
0:59 of 1st period - Snap shot by Philippe Cornet.
0:59 of 1st period - Stopped by Jason LaBarbera with a rebound.
1:01 of 1st period - Slapshot by Jeff Schultz.
1:01 of 1st period - Stopped by Jason LaBarbera with a rebound.
1:03 of 1st period - Backhand shot by Adam Clendening.
1:03 of 1st period - Stopped by Jason LaBarbera without a rebound.
1:04 of 1st period - Carson McMillan wins face-off versus Nick Sorkin in Americans zone.
1:21 of 1st period - Snap shot by Jerome Samson.
1:21 of 1st period - Shot Blocked by Adam Clendening.
1:34 of 1st period - Wrist shot by Justin Hodgman.
1:34 of 1st period - Stopped by FARM GOALIE14 with a rebound.
2:05 of 1st period - Danny Biega is hit by Trevor Gillies and loses puck.
2:18 of 1st period - Snap shot by Danny Biega.
2:18 of 1st period - Shot Misses the Net.
2:20 of 1st period - Slapshot by Danny Biega.
2:20 of 1st period - Deflect By Garrett Meurs.
2:20 of 1st period - Stopped by Jason LaBarbera with a rebound.
2:28 of 1st period - Drew Bagnall is hit by Trevor Gillies and loses puck.
2:41 of 1st period - Patrick Bordeleau is hit by Trevor Parkes.
2:55 of 1st period - Wrist shot by Xavier Ouellet.
2:55 of 1st period - Shot Misses the Net.
3:24 of 1st period - Philippe Cornet is hit by Dany Heatley and loses puck.
3:35 of 1st period - Wrist shot by Tim Jackman.
3:35 of 1st period - Goal by Tim Jackman - Americans : 1 - Penguins : 0.
3:36 of 1st period - Ryan Spooner wins face-off versus Marc-Andre Cliche in neutral zone.
3:41 of 1st period - Tim Jackman is hit by Matt Mangene and loses puck.
3:57 of 1st period - Wrist shot by Tim Jackman.
3:57 of 1st period - Shot Blocked by Adam Clendening.
3:59 of 1st period - Wrist shot by Marc-Andre Cliche.
3:59 of 1st period - Goal by Marc-Andre Cliche - Americans : 2 - Penguins : 0.
4:00 of 1st period - Justin Hodgman wins face-off versus Carson McMillan in neutral zone.
4:09 of 1st period - Snap shot by Justin Hodgman.
4:09 of 1st period - Stopped by FARM GOALIE14 without a rebound.
4:10 of 1st period - Justin Hodgman wins face-off versus Carson McMillan in Penguins zone.
4:32 of 1st period - Wrist shot by Justin Hodgman.
4:32 of 1st period - Shot Blocked by Chris Butler.
4:34 of 1st period - Slapshot by Nate Schmidt.
4:34 of 1st period - Shot Misses the Net.
4:36 of 1st period - Slapshot by Grant Clitsome.
4:36 of 1st period - Shot Misses the Net.
4:56 of 1st period - Slapshot by Grant Clitsome.
4:56 of 1st period - Shot Misses the Net.
4:58 of 1st period - Snap shot by Nick Drazenovic.
4:58 of 1st period - Goal by Nick Drazenovic - Americans : 3 - Penguins : 0.
4:59 of 1st period - Marc-Andre Cliche wins face-off versus Ryan Spooner in neutral zone.
5:14 of 1st period - Wrist shot by FARMPLAYER2.
5:14 of 1st period - Stopped by Jason LaBarbera without a rebound.
5:15 of 1st period - Marc-Andre Cliche wins face-off versus Ryan Spooner in Americans zone.
5:24 of 1st period - Wrist shot by Marc-Andre Cliche.
5:24 of 1st period - Shot Misses the Net.
5:26 of 1st period - Wrist shot by Marc-Andre Cliche.
5:26 of 1st period - Shot Blocked by Danny Biega.
5:28 of 1st period - Slapshot by Peter Andersson.
5:28 of 1st period - Deflect By Tim Jackman.
5:28 of 1st period - Stopped by FARM GOALIE14 with a rebound.
6:01 of 1st period - Danny Biega is hit by Peter Andersson and loses puck.
6:20 of 1st period - Nick Drazenovic is hit by Trevor Parkes and loses puck.
6:37 of 1st period - Grant Clitsome is hit by Drew Bagnall and loses puck.
6:56 of 1st period - Slapshot by Nate Schmidt.
6:56 of 1st period - Stopped by FARM GOALIE14 with a rebound.
7:16 of 1st period - Charles Sarault is hit by Dylan DeMelo and loses puck.
8:39 of 1st period - FARMPLAYER2 is hit by Peter Andersson and loses puck.
9:22 of 1st period - Chris Butler is hit by Petri Kontiola and loses puck.
10:43 of 1st period - Snap shot by Marc-Andre Cliche.
10:43 of 1st period - Stopped by FARM GOALIE14 with a rebound.
10:45 of 1st period - Snap shot by Marc-Andre Cliche.
10:45 of 1st period - Shot Misses the Net.
11:15 of 1st period - Xavier Ouellet is hit by Petri Kontiola and loses puck.
11:30 of 1st period - Icing by Chris Butler.
11:31 of 1st period - Ryan Olsen wins face-off versus Nick Drazenovic in Penguins zone.
11:58 of 1st period - Slapshot by Grant Clitsome.
11:58 of 1st period - Stopped by FARM GOALIE14 with a rebound.
12:00 of 1st period - Slapshot by Grant Clitsome.
12:00 of 1st period - Deflect By Justin Hodgman.
12:00 of 1st period - Shot Misses the Net.
12:00 of 1st period - Puck is out of play.
12:01 of 1st period - Justin Hodgman wins face-off versus Carson McMillan in Penguins zone.
12:06 of 1st period - Slapshot by Grant Clitsome.
12:06 of 1st period - Goal by Grant Clitsome - Americans : 4 - Penguins : 0.
12:06 of 1st period - Martin Brodeur enters game.
12:07 of 1st period - Ryan Spooner wins face-off versus Marc-Andre Cliche in neutral zone.
12:10 of 1st period - Slapshot by Adam Clendening.
12:10 of 1st period - Shot Blocked by Marc-Andre Cliche.
12:12 of 1st period - Snap shot by Jeff Schultz.
12:12 of 1st period - Stopped by Jason LaBarbera without a rebound.
12:13 of 1st period - Marc-Andre Cliche wins face-off versus Ryan Spooner in Americans zone.
12:26 of 1st period - FARMPLAYER2 is hit by Dany Heatley and loses puck.
12:33 of 1st period - Marc-Andre Cliche is hit by Jeff Schultz and loses puck.
13:08 of 1st period - Spencer Abbott is hit by Charles Sarault and loses puck.
13:17 of 1st period - Philippe Cornet is hit by Spencer Abbott and loses puck.
13:31 of 1st period - Wrist shot by Patrick Bordeleau.
13:31 of 1st period - Stopped by Martin Brodeur with a rebound.
13:33 of 1st period - Snap shot by Dylan DeMelo.
13:33 of 1st period - Shot Blocked by Charles Sarault.
14:53 of 1st period - Nate Schmidt is hit by Garrett Meurs and loses puck.
15:04 of 1st period - Ryan Olsen is hit by Grant Clitsome and loses puck.
15:19 of 1st period - Ryan Spooner is hit by Marc-Andre Cliche and loses puck.
15:56 of 1st period - Matt Mangene is hit by Patrick Bordeleau and loses puck.
16:01 of 1st period - Wrist shot by Patrick Bordeleau.
16:01 of 1st period - Stopped by Martin Brodeur with a rebound.
16:03 of 1st period - Snap shot by Nick Drazenovic.
16:03 of 1st period - Shot Misses the Net.
16:20 of 1st period - Minor Penalty to Drew Bagnall for Interference.
16:21 of 1st period - Nick Drazenovic wins face-off versus Ryan Spooner in Penguins zone.
16:40 of 1st period - Icing by Jake Chelios.
16:41 of 1st period - Ryan Spooner wins face-off versus Tim Jackman in Americans zone.
16:49 of 1st period - Off-side.
16:50 of 1st period - Marc-Andre Cliche wins face-off versus Ryan Spooner in neutral zone.
18:04 of 1st period - Spencer Abbott is hit by Philippe Cornet and loses puck.
18:20 of 1st period - Penalty to Drew Bagnall is over, Drew Bagnall is back on ice.
18:20 of 1st period - Dany Heatley is hit by Drew Bagnall and loses puck.
18:48 of 1st period - Slapshot by Adam Clendening.
18:48 of 1st period - Stopped by Jason LaBarbera with a rebound.
18:50 of 1st period - Snap shot by Justin Vaive.
18:50 of 1st period - Stopped by Jason LaBarbera with a rebound.
19:04 of 1st period - Slapshot by Adam Clendening.
19:04 of 1st period - Deflect By Dustin Gazley.
19:04 of 1st period - Shot Misses the Net.
19:04 of 1st period - Puck is out of play.
19:05 of 1st period - Petri Kontiola wins face-off versus Jason Gregoire in Americans zone.
19:05 of 1st period - Petri Kontiola is hit by Danny Biega.
19:23 of 1st period - Slapshot by Danny Biega.
19:23 of 1st period - Stopped by Jason LaBarbera with a rebound.
19:25 of 1st period - Slapshot by Drew Bagnall.
19:25 of 1st period - Deflect By Ruslan Fedotenko.
19:25 of 1st period - Stopped by Jason LaBarbera with a rebound.
19:27 of 1st period - Wrist shot by Garrett Meurs.
19:27 of 1st period - Shot Misses the Net.
19:44 of 1st period - Icing by Jake Chelios.
19:45 of 1st period - Charles Sarault wins face-off versus Petri Kontiola in Americans zone.
Goals for this period are 4 for Americans vs 0 for Penguins.
Shots for this period are 12 for Americans vs 11 for Penguins.

2nd period


0:01 of 2nd period - Marc-Andre Cliche wins face-off versus Ryan Spooner in neutral zone.
0:51 of 2nd period - Chris Butler is hit by Patrick Bordeleau and loses puck.
1:53 of 2nd period - Nick Sorkin is hit by Justin Vaive and loses puck.
2:30 of 2nd period - Slapshot by Adam Clendening.
2:30 of 2nd period - Shot Blocked by Jerome Samson.
2:32 of 2nd period - Snap shot by Adam Clendening.
2:32 of 2nd period - Deflect By Ryan Olsen.
2:32 of 2nd period - Shot Misses the Net.
2:32 of 2nd period - Puck is out of play.
2:33 of 2nd period - Marc-Andre Cliche wins face-off versus Ryan Olsen in Americans zone.
2:33 of 2nd period - Marc-Andre Cliche is hit by Chris Butler.
2:36 of 2nd period - Icing by Tim Jackman.
2:37 of 2nd period - Ryan Olsen wins face-off versus Marc-Andre Cliche in Americans zone.
2:42 of 2nd period - Slapshot by Xavier Ouellet.
2:42 of 2nd period - Deflect By Marc-Andre Cliche.
2:42 of 2nd period - Stopped by Jason LaBarbera without a rebound.
2:43 of 2nd period - Charles Sarault wins face-off versus Tim Jackman in Americans zone.
3:18 of 2nd period - Snap shot by Marc-Andre Cliche.
3:18 of 2nd period - Stopped by Martin Brodeur without a rebound.
3:19 of 2nd period - Ryan Spooner wins face-off versus Nick Drazenovic in Penguins zone.
3:19 of 2nd period - Ryan Spooner is hit by Grant Clitsome.
3:20 of 2nd period - Jeff Schultz beats up Patrick Bordeleau.
3:20 of 2nd period - Penalty to Jeff Schultz for Fighting.
3:20 of 2nd period - Penalty to Patrick Bordeleau for Fighting.
3:21 of 2nd period - Ryan Spooner wins face-off versus Nick Drazenovic in Penguins zone.
3:28 of 2nd period - Grant Clitsome is hit by Chris Butler and loses puck.
3:35 of 2nd period - Snap shot by Ryan Spooner.
3:35 of 2nd period - Shot Misses the Net.
3:37 of 2nd period - Slapshot by Xavier Ouellet.
3:37 of 2nd period - Deflect By Ryan Spooner.
3:37 of 2nd period - Stopped by Jason LaBarbera with a rebound.
3:39 of 2nd period - Slapshot by Chris Butler.
3:39 of 2nd period - Stopped by Jason LaBarbera with a rebound.
3:41 of 2nd period - Backhand shot by Xavier Ouellet.
3:41 of 2nd period - Shot Misses the Net.
3:47 of 2nd period - Backhand shot by Ryan Spooner.
3:47 of 2nd period - Stopped by Jason LaBarbera with a rebound.
4:03 of 2nd period - Minor Penalty to Trevor Gillies for High sticking.
4:04 of 2nd period - Marc-Andre Cliche wins face-off versus Charles Sarault in Americans zone.
5:03 of 2nd period - Slapshot by Xavier Ouellet.
5:03 of 2nd period - Deflect By FARMPLAYER2.
5:03 of 2nd period - Stopped by Jason LaBarbera with a rebound.
5:08 of 2nd period - Minor Penalty to Tim Jackman for Roughing.
5:09 of 2nd period - Nick Drazenovic wins face-off versus Ryan Spooner in Americans zone.
5:19 of 2nd period - Backhand shot by FARMPLAYER2.
5:19 of 2nd period - Stopped by Jason LaBarbera with a rebound.
5:31 of 2nd period - Slapshot by Grant Clitsome.
5:31 of 2nd period - Stopped by Martin Brodeur with a rebound.
6:03 of 2nd period - Penalty to Trevor Gillies is over, Trevor Gillies is back on ice.
6:29 of 2nd period - Slapshot by Adam Clendening.
6:29 of 2nd period - Stopped by Jason LaBarbera with a rebound.
6:31 of 2nd period - Snap shot by Adam Clendening.
6:31 of 2nd period - Shot Misses the Net.
6:35 of 2nd period - Slapshot by Adam Clendening.
6:35 of 2nd period - Stopped by Jason LaBarbera with a rebound.
6:49 of 2nd period - Slapshot by Chris Butler.
6:49 of 2nd period - Deflect By Philippe Cornet.
6:49 of 2nd period - Stopped by Jason LaBarbera with a rebound.
6:51 of 2nd period - Snap shot by Xavier Ouellet.
6:51 of 2nd period - Goal by Xavier Ouellet - Americans : 4 - Penguins : 1.
6:52 of 2nd period - Petri Kontiola wins face-off versus Carson McMillan in neutral zone.
6:57 of 2nd period - Slapshot by Xavier Ouellet.
6:57 of 2nd period - Shot Misses the Net.
6:59 of 2nd period - Slapshot by Xavier Ouellet.
6:59 of 2nd period - Stopped by Jason LaBarbera with a rebound.
7:01 of 2nd period - Slapshot by Dustin Gazley.
7:01 of 2nd period - Stopped by Jason LaBarbera with a rebound.
7:03 of 2nd period - Slapshot by Xavier Ouellet.
7:03 of 2nd period - Stopped by Jason LaBarbera with a rebound.
7:07 of 2nd period - Wrist shot by Chris Butler.
7:07 of 2nd period - Stopped by Jason LaBarbera with a rebound.
7:48 of 2nd period - Wrist shot by Nick Drazenovic.
7:48 of 2nd period - Shot Misses the Net.
7:50 of 2nd period - Wrist shot by Spencer Abbott.
7:50 of 2nd period - Shot Misses the Net.
8:06 of 2nd period - Slapshot by Spencer Abbott.
8:06 of 2nd period - Shot Misses the Net.
8:08 of 2nd period - Snap shot by Spencer Abbott.
8:08 of 2nd period - Shot Misses the Net.
9:00 of 2nd period - Chris Butler is hit by Grant Clitsome and loses puck.
9:14 of 2nd period - Icing by Nick Sorkin.
9:15 of 2nd period - Carson McMillan wins face-off versus Jerome Samson in Americans zone.
9:18 of 2nd period - Snap shot by Justin Vaive.
9:18 of 2nd period - Stopped by Jason LaBarbera without a rebound.
9:19 of 2nd period - Petri Kontiola wins face-off versus Dustin Gazley in Americans zone.
9:38 of 2nd period - Slapshot by Chris Butler.
9:38 of 2nd period - Shot Misses the Net.
9:40 of 2nd period - Slapshot by Xavier Ouellet.
9:40 of 2nd period - Shot Misses the Net.
9:42 of 2nd period - Wrist shot by Carson McMillan.
9:42 of 2nd period - Stopped by Jason LaBarbera with a rebound.
9:48 of 2nd period - Snap shot by Justin Vaive.
9:48 of 2nd period - Stopped by Jason LaBarbera with a rebound.
10:12 of 2nd period - Philippe Cornet is hit by Jake Chelios and loses puck.
10:19 of 2nd period - Jeff Schultz is hit by Patrick Bordeleau and loses puck.
11:16 of 2nd period - Wrist shot by FARMPLAYER2.
11:16 of 2nd period - Stopped by Jason LaBarbera with a rebound.
11:59 of 2nd period - Snap shot by Adam Clendening.
11:59 of 2nd period - Shot Blocked by Dylan DeMelo.
12:28 of 2nd period - Snap shot by Tim Jackman.
12:28 of 2nd period - Shot Misses the Net.
12:30 of 2nd period - Slapshot by Dany Heatley.
12:30 of 2nd period - Stopped by Martin Brodeur with a rebound.
13:23 of 2nd period - Danny Biega is hit by Justin Hodgman and loses puck.
13:34 of 2nd period - Peter Andersson is hit by Drew Bagnall and loses puck.
14:19 of 2nd period - Wrist shot by Ruslan Fedotenko.
14:19 of 2nd period - Stopped by Martin Brodeur with a rebound.
14:21 of 2nd period - Slapshot by Peter Andersson.
14:21 of 2nd period - Shot Blocked by Chris Butler.
14:57 of 2nd period - Snap shot by Danny Biega.
14:57 of 2nd period - Shot Misses the Net.
14:59 of 2nd period - Backhand shot by Danny Biega.
14:59 of 2nd period - Shot Blocked by Nate Schmidt.
16:33 of 2nd period - Danny Biega is hit by Ruslan Fedotenko and loses puck.
17:25 of 2nd period - Grant Clitsome is hit by Carson McMillan and loses puck.
17:36 of 2nd period - Backhand shot by Adam Clendening.
17:36 of 2nd period - Stopped by Jason LaBarbera with a rebound.
18:13 of 2nd period - Nate Schmidt is hit by Chris Butler and loses puck.
18:26 of 2nd period - Wrist shot by Tim Jackman.
18:26 of 2nd period - Stopped by Martin Brodeur with a rebound.
Goals for this period are 0 for Americans vs 1 for Penguins.
Shots for this period are 5 for Americans vs 19 for Penguins.

3rd period


0:01 of 3rd period - Marc-Andre Cliche wins face-off versus Ryan Spooner in neutral zone.
0:47 of 3rd period - Wrist shot by Xavier Ouellet.
0:47 of 3rd period - Deflect By Grant Clitsome.
0:47 of 3rd period - Stopped by Jason LaBarbera with a rebound.
0:49 of 3rd period - Snap shot by Philippe Cornet.
0:49 of 3rd period - Deflect By Trevor Parkes.
0:49 of 3rd period - Shot Misses the Net.
0:49 of 3rd period - Puck is out of play.
0:50 of 3rd period - Charles Sarault wins face-off versus Nick Drazenovic in Americans zone.
1:43 of 3rd period - Jerome Samson is hit by Jeff Schultz and loses puck.
1:48 of 3rd period - Snap shot by Dustin Gazley.
1:48 of 3rd period - Shot Misses the Net.
1:56 of 3rd period - Snap shot by Dustin Gazley.
1:56 of 3rd period - Shot Misses the Net.
2:16 of 3rd period - Minor Penalty to Jake Chelios for Hooking.
2:17 of 3rd period - Ryan Spooner wins face-off versus Nick Drazenovic in Americans zone.
2:26 of 3rd period - Snap shot by Ryan Spooner.
2:26 of 3rd period - Deflect By FARMPLAYER2.
2:26 of 3rd period - Shot Misses the Net.
2:26 of 3rd period - Puck is out of play.
2:27 of 3rd period - Ryan Spooner wins face-off versus Nick Drazenovic in Americans zone.
2:47 of 3rd period - Snap shot by FARMPLAYER2.
2:47 of 3rd period - Shot Blocked by Grant Clitsome.
3:37 of 3rd period - Marc-Andre Cliche is hit by Trevor Parkes and loses puck.
3:58 of 3rd period - Tim Jackman is hit by Ryan Spooner and loses puck.
4:03 of 3rd period - Slapshot by Adam Clendening.
4:03 of 3rd period - Stopped by Jason LaBarbera without a rebound.
4:04 of 3rd period - Ryan Spooner wins face-off versus Nick Drazenovic in Americans zone.
4:16 of 3rd period - Penalty to Jake Chelios is over, Jake Chelios is back on ice.
4:30 of 3rd period - Slapshot by Adam Clendening.
4:30 of 3rd period - Deflect By Grant Clitsome.
4:30 of 3rd period - Stopped by Jason LaBarbera without a rebound.
4:31 of 3rd period - Justin Hodgman wins face-off versus Charles Sarault in Americans zone.
4:38 of 3rd period - Minor Penalty to Justin Hodgman for Boarding.
4:39 of 3rd period - Marc-Andre Cliche wins face-off versus Ryan Spooner in Americans zone.
5:30 of 3rd period - Off-side.
5:31 of 3rd period - Marc-Andre Cliche wins face-off versus Ryan Spooner in neutral zone.
5:48 of 3rd period - Snap shot by Ryan Spooner.
5:48 of 3rd period - Shot Misses the Net.
5:50 of 3rd period - Slapshot by Adam Clendening.
5:50 of 3rd period - Shot Blocked by Marc-Andre Cliche.
6:10 of 3rd period - Wrist shot by Nick Drazenovic.
6:10 of 3rd period - Stopped by Martin Brodeur with a rebound.
6:12 of 3rd period - Slapshot by Grant Clitsome.
6:12 of 3rd period - Deflect By Tim Jackman.
6:12 of 3rd period - Shot Misses the Net.
6:12 of 3rd period - Puck is out of play.
6:13 of 3rd period - Nick Drazenovic wins face-off versus Charles Sarault in Penguins zone.
6:38 of 3rd period - Penalty to Justin Hodgman is over, Justin Hodgman is back on ice.
7:09 of 3rd period - Snap shot by Petri Kontiola.
7:09 of 3rd period - Deflect By Ruslan Fedotenko.
7:09 of 3rd period - Shot Misses the Net.
7:09 of 3rd period - Puck is out of play.
7:10 of 3rd period - Ryan Olsen wins face-off versus Justin Hodgman in Penguins zone.
8:01 of 3rd period - Snap shot by Justin Vaive.
8:01 of 3rd period - Stopped by Jason LaBarbera with a rebound.
8:03 of 3rd period - Slapshot by Danny Biega.
8:03 of 3rd period - Deflect By Grant Clitsome.
8:03 of 3rd period - Stopped by Jason LaBarbera with a rebound.
8:21 of 3rd period - Nate Schmidt is hit by Drew Bagnall.
8:29 of 3rd period - Danny Biega is hit by Trevor Gillies and loses puck.
8:56 of 3rd period - Charles Sarault is hit by Dany Heatley and loses puck.
9:29 of 3rd period - Nick Drazenovic is hit by Ryan Spooner and loses puck.
9:38 of 3rd period - Snap shot by Patrick Bordeleau.
9:38 of 3rd period - Deflect By Nick Drazenovic.
9:38 of 3rd period - Shot Misses the Net.
9:38 of 3rd period - Puck is out of play.
9:39 of 3rd period - Nick Drazenovic wins face-off versus Ryan Olsen in Penguins zone.
10:39 of 3rd period - Justin Hodgman is hit by FARMPLAYER2 and loses puck.
10:48 of 3rd period - Slapshot by Grant Clitsome.
10:48 of 3rd period - Shot Misses the Net.
11:14 of 3rd period - Slapshot by Danny Biega.
11:14 of 3rd period - Shot Blocked by Nate Schmidt.
11:20 of 3rd period - Danny Biega is hit by Trevor Gillies and loses puck.
11:51 of 3rd period - Marc-Andre Cliche is hit by Charles Sarault and loses puck.
12:00 of 3rd period - Slapshot by Dylan DeMelo.
12:00 of 3rd period - Deflect By Marc-Andre Cliche.
12:00 of 3rd period - Stopped by Martin Brodeur with a rebound.
13:15 of 3rd period - Slapshot by Spencer Abbott.
13:15 of 3rd period - Shot Misses the Net.
14:28 of 3rd period - Wrist shot by FARMPLAYER2.
14:28 of 3rd period - Stopped by Jason LaBarbera without a rebound.
14:29 of 3rd period - Ryan Spooner wins face-off versus Justin Hodgman in Americans zone.
14:36 of 3rd period - Snap shot by Nick Sorkin.
14:36 of 3rd period - Shot Blocked by Adam Clendening.
14:38 of 3rd period - Slapshot by Jake Chelios.
14:38 of 3rd period - Stopped by Martin Brodeur without a rebound.
14:39 of 3rd period - Justin Hodgman wins face-off versus Trevor Parkes in Penguins zone.
14:57 of 3rd period - Snap shot by Justin Hodgman.
14:57 of 3rd period - Deflect By Nick Sorkin.
14:57 of 3rd period - Shot Blocked by Trevor Parkes.
14:57 of 3rd period - Puck is out of play.
14:58 of 3rd period - Charles Sarault wins face-off versus Marc-Andre Cliche in Penguins zone.
15:27 of 3rd period - Snap shot by Tim Jackman.
15:27 of 3rd period - Goal by Tim Jackman - Americans : 5 - Penguins : 1.
15:28 of 3rd period - Ryan Spooner wins face-off versus Nick Drazenovic in neutral zone.
15:30 of 3rd period - Minor Penalty to Chris Butler for Slashing.
15:31 of 3rd period - Nick Drazenovic wins face-off versus Ryan Spooner in Penguins zone.
15:31 of 3rd period - Snap shot by Tim Jackman.
15:31 of 3rd period - Shot Misses the Net.
15:33 of 3rd period - Wrist shot by Nate Schmidt.
15:33 of 3rd period - Deflect By Ryan Spooner.
15:33 of 3rd period - Goal by Nate Schmidt - Americans : 6 - Penguins : 1.
15:34 of 3rd period - Marc-Andre Cliche wins face-off versus Ryan Spooner in neutral zone.
15:37 of 3rd period - Xavier Ouellet is hit by Tim Jackman and loses puck.
15:47 of 3rd period - Minor Penalty to Chris Butler for Hooking.
15:48 of 3rd period - Ryan Spooner wins face-off versus Nick Drazenovic in Penguins zone.
16:00 of 3rd period - Backhand shot by Ryan Spooner.
16:00 of 3rd period - Shot Misses the Net.
16:08 of 3rd period - Snap shot by Tim Jackman.
16:08 of 3rd period - Goal by Tim Jackman - Americans : 7 - Penguins : 1.
16:09 of 3rd period - Ryan Spooner wins face-off versus Tim Jackman in neutral zone.
16:13 of 3rd period - Off-side.
16:14 of 3rd period - Marc-Andre Cliche wins face-off versus Ryan Spooner in neutral zone.
16:19 of 3rd period - Grant Clitsome is hit by Chris Butler and loses puck.
16:30 of 3rd period - Snap shot by FARMPLAYER2.
16:30 of 3rd period - Shot Misses the Net.
16:51 of 3rd period - Wrist shot by FARMPLAYER2.
16:51 of 3rd period - Stopped by Jason LaBarbera with a rebound.
17:34 of 3rd period - Spencer Abbott is hit by Charles Sarault and loses puck.
17:55 of 3rd period - Slapshot by Adam Clendening.
17:55 of 3rd period - Deflect By Dustin Gazley.
17:55 of 3rd period - Shot Misses the Net.
17:55 of 3rd period - Puck is out of play.
17:56 of 3rd period - Carson McMillan wins face-off versus Nick Sorkin in Americans zone.
18:02 of 3rd period - Minor Penalty to Jerome Samson for Hooking.
18:03 of 3rd period - FARMPLAYER2 wins face-off versus Nick Drazenovic in Americans zone.
18:31 of 3rd period - Slapshot by Grant Clitsome.
18:31 of 3rd period - Shot Blocked by Matt Mangene.
18:50 of 3rd period - Icing by Jeff Schultz.
18:51 of 3rd period - Nick Drazenovic wins face-off versus Charles Sarault in Penguins zone.
19:10 of 3rd period - Dylan DeMelo is hit by Jeff Schultz and loses puck.
19:55 of 3rd period - Patrick Bordeleau is hit by Chris Butler and loses puck.
Goals for this period are 3 for Americans vs 0 for Penguins.
Shots for this period are 6 for Americans vs 7 for Penguins.